[Event "Titled Tuesday Blitz February 15 Early 2022"]
[White "Maung, Maung Kyaw Zaw Hein"]
[Black "Stepanencu, Nicodim-Cosmin"]
[WhiteFideId "13001698"]
[BlackFideId "1256220"]
[WhiteElo "1785"]
[BlackElo "1809"]
[Result "0-1"]
[Round "02"]
[TimeControl "180+1"]
[Date "2022.02.15"]
[WhiteClock "0:00:01"]
[BlackClock "0:00:03"]

1. Nf3 Nf6 2. c4 a6 3. Nc3 c6 4. d4 b5 5. b3 d5 6. e3 Bf5 7. Bd3 Bxd3 8. Qxd3 Nbd7 9. O-O e6 10. Bb2 Be7 11. a4 bxc4 12. bxc4 Rb8 13. Ba3 a5 14. cxd5 exd5 15. Bxe7 Qxe7 16. Qa6 O-O 17. Qxa5 Rfc8 18. Ne2 Ra8 19. Qd2 Ne4 20. Qd3 Nb6 21. a5 Nc4 22. a6 Ra7 23. Rfc1 Rca8 24. Rxc4 dxc4 25. Qxc4 Qc7 26. Ne5 c5 27. f3 Nf6 28. f4 cxd4 29. Qxc7 Rxc7 30. Nxd4 Rca7 31. Rc1 Rxa6 32. Nf5 Ra1 33. Rxa1 Rxa1+ 34. Kf2 Ra2+ 35. Kf3 Ra3 36. Nc4 Rc3 37. Ne5 Nd5 38. Ke4 Nb6 39. Nd6 f6 40. Nf3 Nc4 41. Nxc4 Rxc4+ 42. Kd3 Ra4 43. Ke2 Ra7 44. Nd4 Kf8 45. Kf3 Kf7 46. g4 Rd7 47. Ke4 Rc7 48. h4 Rc1 49. Kf3 Rg1 50. h5 g6 51. hxg6+ hxg6 52. Ne2 Re1 53. Nd4 Rb1 54. Kf2 Rb4 55. Kf3 Rc4 56. Ke4 Ra4 57. Kf3 Ke7 58. Ke4 Kd6 59. Kf3 Kd5 60. Ne2 Ra3 61. Ng3 Rd3 62. Ne2 Rd2 63. Ng3 Ke6 64. Ne2 Rb2 65. Nd4+ Kd5 66. Ne2 Rb4 67. Nc3+ Kc4 68. Ne4 Rb6 69. Nf2 Kc3 70. Ne4+ Kd3 71. Nf2+ Kd2 72. Ne4+ Ke1 73. Nf2 Rd6 74. Ne4 Re6 75. Nc5 Re8 76. Nd7 Kd2 77. e4 Re6 78. Nc5 Rd6 79. g5 fxg5 80. fxg5 Rc6 81. Nd7 Kc3 82. Ne5 Re6 83. Kf4 Kd4 84. Nf3+ Kd3 85. Ne5+ Ke2 86. Ng4 Re8 87. Nf6 Re7 88. Ng4 Kf1 89. e5 Kg2 90. Nf6 Kh3 91. Ne4 Kh4 92. Nf6 Ra7 93. Ne4 Ra6 94. Nf6 Ra4+ 0-1


[Site "https://www.chess.com"]

[Event "Titled Tuesday Blitz February 15 Early 2022"]
[White "Maze, Sebastien"]
[Black "Siva Mahadevan"]
[WhiteFideId "613762"]
[BlackFideId "25043153"]
[WhiteElo "2462"]
[BlackElo "2203"]
[Result "0-1"]
[Round "02"]
[TimeControl "180+1"]
[Date "2022.02.15"]
[WhiteClock "0:00:02"]
[BlackClock "0:00:13"]

1. e4 c5 2. Nf3 Nc6 3. Bb5 Na5 4. O-O a6 5. Be2 b5 6. d4 cxd4 7. Nxd4 Bb7 8. Bf3 e6 9. Re1 Nf6 10. Nc3 Bb4 11. e5 Bxc3 12. bxc3 Bxf3 13. Qxf3 Nd5 14. Ba3 Nc4 15. Bb4 Nxb4 16. cxb4 O-O 17. Nb3 a5 18. bxa5 Nxa5 19. Rad1 Nc4 20. Nc5 Qc7 21. Nxd7 Rfd8 22. Rd3 Rac8 23. Red1 Nb2 24. Nf6+ gxf6 25. exf6 Nxd3 26. Qg4+ Kf8 27. Qg7+ Ke8 28. Qg8+ Kd7 29. Qxf7+ Kc6 30. Qxe6+ Qd6 31. Qe4+ Qd5 32. Qxh7 Rg8 33. g3 Rh8 34. Qxd3 Qxd3 35. Rxd3 Rcf8 36. h4 Rxf6 37. f4 Rd6 38. Rc3+ Kb6 39. Kg2 Rhd8 40. h5 b4 41. Rb3 Rd2+ 42. Kh3 Kc5 43. c3 bxc3 44. Rxc3+ Kd4 45. Rc7 Rxa2 46. g4 Ke4 47. Rc4+ Kf3 48. f5 Rg8 49. Rc3+ Kf4 50. Rc6 Kg5 51. h6 Ra3+ 52. Kg2 Rh8 53. Rg6+ Kf4 54. f6 Rg3+ 55. Kf2 Rxg4 56. Rg7 Rxh6 57. f7 Rf6 58. Rg8 Rxf7 0-1


[Site "https://www.chess.com"]

[Event "Titled Tuesday Blitz February 15 Early 2022"]
[White "Mikhailov, Viacheslav"]
[Black "Lewtak, Damian"]
[WhiteFideId "4187369"]
[BlackFideId "1141724"]
[WhiteElo "2381"]
[BlackElo "2361"]
[Result "1-0"]
[Round "02"]
[TimeControl "180+1"]
[Date "2022.02.15"]
[WhiteClock "0:01:31"]
[BlackClock "0:01:06"]

1. Nf3 d5 2. g3 c6 3. Bg2 g6 4. O-O Bg7 5. c4 d4 6. d3 e5 7. b4 Ne7 8. Nbd2 O-O 9. a4 a5 10. Ba3 axb4 11. Bxb4 Na6 12. Ba3 Ra7 13. Qb3 h5 14. Rfb1 Re8 15. Ne4 Nf5 16. a5 h4 17. Qb6 Ra8 18. Qxd8 Rxd8 19. g4 h3 20. gxf5 hxg2 21. fxg6 f5 22. Nd6 e4 23. Ng5 Bf6 24. Ngf7 Rd7 25. Nh6+ Kg7 26. Nhxf5+ Kxg6 27. dxe4 d3 28. exd3 Bxa1 29. Rxa1 Rh7 30. Nxc8 Rxc8 31. Ne7+ 1-0


[Site "https://www.chess.com"]

[Event "Titled Tuesday Blitz February 15 Early 2022"]
[White "Mikhailovsky, Vladimir"]
[Black "Federzoni, Enzo"]
[WhiteFideId "34105414"]
[BlackFideId "2173301"]
[WhiteElo "2371"]
[BlackElo "1956"]
[Result "1-0"]
[Round "02"]
[TimeControl "180+1"]
[Date "2022.02.15"]
[WhiteClock "0:00:08"]
[BlackClock "0:00:23"]

1. d4 Nf6 2. c4 g6 3. Nc3 Bg7 4. e4 d6 5. Be2 O-O 6. Be3 e5 7. d5 Na6 8. g4 Nc5 9. f3 a5 10. h4 Ne8 11. h5 f5 12. gxf5 gxf5 13. exf5 Bxf5 14. Qd2 Kh8 15. O-O-O a4 16. Nh3 a3 17. b3 e4 18. h6 Bf6 19. Bd4 exf3 20. Bf1 c6 21. Ng5 Bxd4 22. Qxd4+ Qf6 23. Nxf3 cxd5 24. Nxd5 Nxb3+ 25. axb3 Qxd4 26. Nxd4 a2 27. Kb2 Bb1 28. Ka1 Nf6 29. Nxf6 Rxf6 30. Rh2 Raf8 31. Bd3 Rf2 32. Rxf2 Rxf2 33. Bxb1 axb1=Q+ 34. Kxb1 Rh2 35. Nf5 Rh5 36. Rxd6 Kg8 37. Rd8+ Kf7 38. Rd7+ Ke6 39. Ng7+ 1-0


[Site "https://www.chess.com"]

[Event "Titled Tuesday Blitz February 15 Early 2022"]
[White "Mikhnenko, Alexander"]
[Black "Do Valle Cardoso, Lucas"]
[WhiteFideId "34143014"]
[BlackFideId "2163144"]
[WhiteElo "2140"]
[BlackElo "2357"]
[Result "1-0"]
[Round "02"]
[TimeControl "180+1"]
[Date "2022.02.15"]
[WhiteClock "0:01:36"]
[BlackClock "0:01:53"]

1. e4 c5 2. Nf3 d6 3. d4 cxd4 4. Nxd4 Nf6 5. Nc3 a6 6. h3 e5 7. Nde2 b5 8. g4 Bb7 9. Bg2 b4 10. Nd5 Nxd5 11. exd5 Be7 12. O-O Nd7 13. Ng3 g6 14. Bh6 Rc8 15. Ne4 Nc5 16. Nxc5 Rxc5 17. a3 bxa3 18. Rxa3 Bg5 19. Bxg5 Qxg5 20. f4 exf4 21. Re1+ Kf8 22. Qd4 f6 23. Rb3 Bxd5 24. Rb8+ Kg7 25. Re7+ Kh6 26. Rxh8 Bxg2 27. Rhxh7# 1-0


[Site "https://www.chess.com"]

[Event "Titled Tuesday Blitz February 15 Early 2022"]
[White "Mirzanurov, Bulat"]
[Black "Hakemi, Arman"]
[WhiteFideId "4184521"]
[BlackFideId "22520805"]
[WhiteElo "2116"]
[BlackElo "2208"]
[Result "0-1"]
[Round "02"]
[TimeControl "180+1"]
[Date "2022.02.15"]
[WhiteClock "0:00:05"]
[BlackClock "0:01:49"]

1. e4 c5 2. Nf3 e6 3. d4 cxd4 4. Nxd4 Nc6 5. Nc3 Qc7 6. Nxc6 bxc6 7. Bd3 d5 8. exd5 cxd5 9. O-O Nf6 10. Bb5+ Bd7 11. Bxd7+ Qxd7 12. Bf4 Be7 13. Qd3 O-O 14. Nb5 Rfc8 15. c3 Ne4 16. Rad1 Nc5 17. Qe2 Bf6 18. Nd4 Bxd4 19. cxd4 Ne4 20. f3 Nf6 21. Kh1 Qb7 22. Rc1 Nd7 23. b3 Qb4 24. Qd3 a5 25. Rxc8+ Rxc8 26. Qd2 Qxd2 27. Bxd2 Rc2 28. Bxa5 Rxa2 29. Bb4 Rb2 30. Rc1 h5 31. h3 Rxb3 32. Bc5 Kh7 33. Bd6 Kg6 34. Rc7 Nf6 35. Be5 h4 36. Kh2 Rd3 37. Ra7 Nh5 38. Ra4 f6 39. Bd6 Kf5 40. Bc7 g5 41. Bd6 Rd2 42. Rb4 Rd1 43. Ra4 e5 44. dxe5 Ng3 0-1


[Site "https://www.chess.com"]

[Event "Titled Tuesday Blitz February 15 Early 2022"]
[White "Mirzoev, Azer"]
[Black "Marcinczyk, Monika"]
[WhiteFideId "13400304"]
[BlackFideId "1192051"]
[WhiteElo "2525"]
[BlackElo "1730"]
[Result "1-0"]
[Round "02"]
[TimeControl "180+1"]
[Date "2022.02.15"]
[WhiteClock "0:01:20"]
[BlackClock "0:00:03"]

1. c4 e5 2. Nc3 Nf6 3. e3 d5 4. cxd5 Nxd5 5. Qc2 Nc6 6. a3 a6 7. b4 Be6 8. Bb2 Be7 9. Nf3 O-O 10. Bd3 f5 11. Nxd5 Qxd5 12. e4 fxe4 13. Bxe4 Qd6 14. Bxh7+ Kh8 15. Be4 Nd4 16. Bxd4 exd4 17. d3 Bd5 18. Qe2 Bf6 19. O-O Rae8 20. Rad1 a5 21. bxa5 Qxa3 22. Rfe1 Qxa5 23. Qc2 Bxe4 24. dxe4 c5 25. e5 Be7 26. h4 Qa6 27. e6 Qd6 28. Re5 Rf6 29. Rh5+ Rh6 30. Rxh6+ gxh6 31. Qg6 1-0


[Site "https://www.chess.com"]

[Event "Titled Tuesday Blitz February 15 Early 2022"]
[White "Mischuk, Dmitry"]
[Black "Magallanes, Rey Jomar"]
[WhiteFideId "14118734"]
[BlackFideId "5205948"]
[WhiteElo "2256"]
[BlackElo "2212"]
[Result "1-0"]
[Round "02"]
[TimeControl "180+1"]
[Date "2022.02.15"]
[WhiteClock "0:00:05"]
[BlackClock "0:00:10"]

1. e4 e5 2. Nc3 Nc6 3. f4 d6 4. Nf3 Nf6 5. Bb5 Be7 6. fxe5 dxe5 7. Bxc6+ bxc6 8. O-O O-O 9. d3 h6 10. h3 Bd6 11. Be3 Nh5 12. Qe1 Qf6 13. Qh4 Qg6 14. Kh2 Bd7 15. b3 Rae8 16. g4 Nf4 17. Qg3 h5 18. Nh4 Qg5 19. Nf3 Qg6 20. g5 f5 21. Nh4 Qf7 22. exf5 Bxf5 23. Nxf5 Qxf5 24. Ne4 Re6 25. Rf3 Qg6 26. Raf1 Nd5 27. Bd2 Ree8 28. a4 Rxf3 29. Rxf3 Rf8 30. Kg2 Rxf3 31. Qxf3 Nf4+ 32. Kh2 Qf5 33. h4 Qg4 34. Qxg4 hxg4 35. Kg3 Ne2+ 36. Kxg4 Nd4 37. Be3 Nxc2 38. Bxa7 Nd4 39. Bxd4 exd4 40. Nxd6 cxd6 41. a5 1-0


[Site "https://www.chess.com"]

[Event "Titled Tuesday Blitz February 15 Early 2022"]
[White "Moiseenko, Alexander"]
[Black "Todorovic, Bojan"]
[WhiteFideId "14102560"]
[BlackFideId "917087"]
[WhiteElo "2577"]
[BlackElo "2266"]
[Result "1-0"]
[Round "02"]
[TimeControl "180+1"]
[Date "2022.02.15"]
[WhiteClock "0:00:09"]
[BlackClock "0:00:01"]

1. d4 g6 2. e4 Bg7 3. Nc3 d6 4. Be3 a6 5. Qd2 Nd7 6. Bd3 b5 7. a4 b4 8. Nce2 Rb8 9. Nf3 Bb7 10. Ng3 Ngf6 11. h3 O-O 12. O-O c5 13. c3 bxc3 14. bxc3 Qa5 15. Qe2 c4 16. Bxc4 Nxe4 17. Nxe4 Bxe4 18. Ng5 Bd5 19. Bxd5 Qxd5 20. Qxa6 Nb6 21. Qb5 Rfc8 22. Rfb1 Qa8 23. Qd3 Nc4 24. Rxb8 Qxb8 25. Bc1 d5 26. Qf3 Nd6 27. Bf4 Rf8 28. Qxd5 Qc7 29. Ne4 Qa7 30. Nxd6 exd6 31. Bxd6 Rc8 32. Bc5 Qa6 33. a5 Re8 34. Qa2 Qd3 35. a6 Re2 36. Qxe2 Qxe2 37. a7 h5 38. a8=Q+ Kh7 39. Qa2 Qd3 40. Qb1 Qc4 41. Qf1 Qd5 42. Rd1 g5 43. c4 Qe4 44. Qd3 Qxd3 45. Rxd3 1-0


[Site "https://www.chess.com"]

[Event "Titled Tuesday Blitz February 15 Early 2022"]
[White "Moksh Amit Doshi"]
[Black "Molina, Roberto Junio Brito"]
[WhiteFideId "25064967"]
[BlackFideId "2109450"]
[WhiteElo "2245"]
[BlackElo "2402"]
[Result "0-1"]
[Round "02"]
[TimeControl "180+1"]
[Date "2022.02.15"]
[WhiteClock "0:00:20"]
[BlackClock "0:00:35"]

1. d4 d5 2. c4 c6 3. Nf3 Nf6 4. Nc3 dxc4 5. a4 Bf5 6. Ne5 Nbd7 7. Nxc4 Nb6 8. Ne5 a5 9. h4 h6 10. f3 Nfd7 11. e4 Bh7 12. Nd3 e6 13. Be3 Bd6 14. Qd2 Nc4 15. Qf2 Nxe3 16. Qxe3 Qb6 17. Be2 e5 18. Nb1 exd4 19. Qf2 Ne5 20. Nd2 Nxd3+ 21. Bxd3 Bf4 22. Nc4 Qb4+ 23. Kf1 O-O 24. g3 Be3 25. Qe2 f5 26. exf5 Bxf5 27. Bxf5 Rxf5 28. Kg2 Raf8 29. Rhf1 Kh8 30. Ra3 Rc5 31. Nxe3 dxe3 32. Rxe3 Qxa4 33. Rd1 Qb5 34. Rd2 Qxe2+ 35. Rdxe2 Rcf5 36. f4 Kg8 37. Re7 R5f7 38. b3 Rd8 39. Kf3 Rxe7 40. Rxe7 Rd3+ 41. Re3 Rxe3+ 42. Kxe3 h5 0-1


[Site "https://www.chess.com"]

[Event "Titled Tuesday Blitz February 15 Early 2022"]
[White "Moroni, Luca Jr"]
[Black "Khachiyan, Melikset"]
[WhiteFideId "865834"]
[BlackFideId "13300512"]
[WhiteElo "2573"]
[BlackElo "2484"]
[Result "1-0"]
[Round "02"]
[TimeControl "180+1"]
[Date "2022.02.15"]
[WhiteClock "0:00:25"]
[BlackClock "0:00:22"]

1. d4 d5 2. Bf4 Nf6 3. e3 c5 4. dxc5 Nc6 5. Bb5 Bd7 6. c3 e5 7. Bxc6 exf4 8. Bxd7+ Qxd7 9. exf4 Bxc5 10. Nf3 O-O 11. O-O Ne4 12. Nbd2 Qg4 13. Nb3 Bb6 14. Qxd5 Qxf4 15. Nbd4 Rad8 16. Qxb7 Nd2 17. Rfd1 Nc4 18. b3 Nd6 19. Qa6 Ne4 20. Qd3 Rfe8 21. Re1 Nc5 22. Qb5 Rxe1+ 23. Rxe1 Ne4 24. Qc6 Nf6 25. h3 h6 26. Qc4 Qb8 27. Nc6 1-0


[Site "https://www.chess.com"]

[Event "Titled Tuesday Blitz February 15 Early 2022"]
[White "Moskalenko, Alexander"]
[Black "Jakubowska, Anna"]
[WhiteFideId "4155351"]
[BlackFideId "1121952"]
[WhiteElo "2515"]
[BlackElo "1924"]
[Result "1-0"]
[Round "02"]
[TimeControl "180+1"]
[Date "2022.02.15"]
[WhiteClock "0:02:03"]
[BlackClock "0:00:06"]

1. d4 d5 2. Nc3 f5 3. Bf4 Nf6 4. e3 g6 5. Nb5 Na6 6. c4 c6 7. Nc3 Bg7 8. Nf3 O-O 9. Be2 dxc4 10. Bxc4+ e6 11. Bxa6 bxa6 12. O-O Nd5 13. Be5 Nxc3 14. bxc3 c5 15. Bxg7 Kxg7 16. Rb1 cxd4 17. cxd4 Bd7 18. Ne5 Bb5 19. Re1 Kg8 20. a4 Be8 21. Qb3 Qd5 22. Qxd5 exd5 23. a5 Bb5 24. Rec1 Rac8 25. h4 Kg7 26. Kh2 Kf6 27. Kg3 Ke6 28. Kf4 Rg8 29. Kg5 Kd6 30. Kh6 Rxc1 31. Rxc1 Rb8 32. Kxh7 Be8 33. f4 Rb2 34. Rc8 Bb5 35. Kxg6 Rxg2+ 36. Kxf5 Rh2 37. Kg5 Rg2+ 38. Kf6 Rh2 39. Rc5 Rxh4 40. Nf7+ Kd7 41. Rxd5+ Kc6 42. Rc5+ Kd7 43. Ne5+ Kd6 44. Nf7+ Kd7 45. f5 Re4 46. Re5 Rh4 47. Re7+ Kc8 48. Nd6+ Kd8 49. Nxb5 axb5 50. Rxa7 Kc8 51. Ke5 b4 52. Ra6 Rh3 53. Ke4 Rh4+ 54. Kd3 Rh5 55. e4 b3 56. Rb6 Kc7 57. Rxb3 Rh3+ 58. Kc4 1-0


[Site "https://www.chess.com"]

[Event "Titled Tuesday Blitz February 15 Early 2022"]
[White "Muradov, Soltan"]
[Black "Gabrielian, Artur"]
[WhiteFideId "14002108"]
[BlackFideId "4131002"]
[WhiteElo "1854"]
[BlackElo "2440"]
[Result "0-1"]
[Round "02"]
[TimeControl "180+1"]
[Date "2022.02.15"]
[WhiteClock "0:00:03"]
[BlackClock "0:01:03"]

1. e4 c5 2. d4 cxd4 3. c3 Nf6 4. e5 Nd5 5. cxd4 d6 6. Nf3 Nc6 7. exd6 e6 8. Nc3 Bxd6 9. Bd3 O-O 10. O-O Nf6 11. Bg5 Be7 12. Bc2 Re8 13. a3 b6 14. Qd3 g6 15. Rad1 Bb7 16. Rfe1 Rc8 17. Bb3 Nd5 18. Bh6 Nxc3 19. bxc3 Na5 20. Ba2 Bd5 21. Bb1 Nc4 22. Qe2 Nxa3 23. Bd2 Nxb1 24. Rxb1 Bf6 25. Ne5 Bg7 26. Qg4 a5 27. Re3 a4 28. Rh3 h5 29. Qf4 Qf6 30. Qe3 Qf5 31. Ra1 b5 32. Nd3 Qe4 33. Nb4 Qxg2# 0-1


[Site "https://www.chess.com"]

[Event "Titled Tuesday Blitz February 15 Early 2022"]
[White "Murthy, Pappu"]
[Black "Matveeva, Olga"]
[WhiteFideId "2013401"]
[BlackFideId "24107018"]
[WhiteElo "1924"]
[BlackElo "2083"]
[Result "0-1"]
[Round "02"]
[TimeControl "180+1"]
[Date "2022.02.15"]
[WhiteClock "0:00:02"]
[BlackClock "0:00:08"]

1. c4 Nf6 2. Nc3 g6 3. g3 Bg7 4. Bg2 O-O 5. e4 d6 6. Nge2 c6 7. O-O e5 8. d3 Nbd7 9. h3 Ne8 10. Be3 f5 11. exf5 gxf5 12. d4 Nef6 13. dxe5 dxe5 14. Qd2 Qe7 15. Rad1 a5 16. b3 Nc5 17. Qd6 Qxd6 18. Rxd6 Ne6 19. Rfd1 f4 20. gxf4 exf4 21. Nxf4 Nxf4 22. Bxf4 Ne8 23. Bh6 Nxd6 24. Bxg7 Kxg7 25. Rxd6 Bf5 26. Be4 Bxe4 27. Nxe4 Rad8 28. Re6 Rd7 29. Kg2 Rdf7 30. Re5 Rf5 31. Re7+ R5f7 32. Re5 a4 33. bxa4 Ra8 34. a5 Rd8 35. Nc5 Rd2 36. Ne6+ Kf6 37. Re3 Rxa2 38. Nd8 Rd7 39. Rf3+ Kg6 40. Ne6 Re7 41. Nf8+ Kg7 42. Kg3 Rxa5 43. h4 Ra8 0-1


[Site "https://www.chess.com"]

[Event "Titled Tuesday Blitz February 15 Early 2022"]
[White "Namitbir Singh Walia"]
[Black "Dev, Shah"]
[WhiteFideId "35071068"]
[BlackFideId "35019058"]
[WhiteElo "1479"]
[BlackElo "2098"]
[Result "0-1"]
[Round "02"]
[TimeControl "180+1"]
[Date "2022.02.15"]
[WhiteClock "0:00:09"]
[BlackClock "0:00:03"]

1. Nf3 Nf6 2. e4 Nxe4 3. c4 c5 4. Bd3 Nf6 5. O-O Nc6 6. b3 e6 7. Bb2 Be7 8. Re1 O-O 9. Nc3 d5 10. cxd5 exd5 11. h3 h6 12. Rc1 Be6 13. Bb5 d4 14. Na4 Nd7 15. Bxc6 bxc6 16. Ba3 Qa5 17. Nxd4 cxd4 18. Bxe7 Rfe8 19. Bd6 Rac8 20. d3 Qd5 21. Bg3 c5 22. Nb2 Nb6 23. Re5 Qd6 24. Qe2 Nd5 25. Re1 Nc3 26. Qh5 Qa6 27. Rxc5 Qxa2 28. Nc4 Bxc4 29. Rxc8 Rxc8 30. bxc4 Qd2 31. Ra1 Qxd3 32. Rxa7 Qxc4 33. Be5 Ne2+ 34. Kh2 d3 35. Rd7 Re8 36. Qf5 Qe6 37. Qxe6 Rxe6 38. f4 f6 39. Bb2 Nxf4 40. Kg3 Ne2+ 41. Kf2 Nf4 42. Kf3 Nxg2 43. Rxd3 Ne1+ 44. Kf4 Nxd3+ 0-1


[Site "https://www.chess.com"]

[Event "Titled Tuesday Blitz February 15 Early 2022"]
[White "Narayanan.S.L"]
[Black "Atakhan, Abtin"]
[WhiteFideId "5058422"]
[BlackFideId "22502203"]
[WhiteElo "2494"]
[BlackElo "2119"]
[Result "1-0"]
[Round "02"]
[TimeControl "180+1"]
[Date "2022.02.15"]
[WhiteClock "0:01:44"]
[BlackClock "0:00:02"]

1. Nf3 d5 2. g3 Nf6 3. Bg2 g6 4. O-O Bg7 5. d3 O-O 6. Nbd2 Nc6 7. e4 e5 8. exd5 Nxd5 9. Re1 Re8 10. c3 h6 11. h4 a5 12. a4 b6 13. Qb3 Bb7 14. h5 Nce7 15. hxg6 Nxg6 16. Nc4 f5 17. Ne3 Ne7 18. Nh4 Qd7 19. Nc4 Nc8 20. Nf3 e4 21. dxe4 fxe4 22. Nh4 Qg4 23. Ne3 Qe6 24. Nef5 Nd6 25. Nxd6 cxd6 26. Rxe4 Qf7 27. Bd2 Rxe4 28. Bxe4 Rf8 29. Rf1 Qe6 30. Bg2 Be5 31. Nf3 Nc7 32. Qxe6+ Nxe6 33. Nxe5 Bxg2 34. Kxg2 dxe5 35. Bxh6 Rd8 36. Be3 Rb8 37. Rh1 b5 38. Rh5 bxa4 39. Rxe5 Rxb2 40. Rxa5 Ra2 41. c4 Nc7 42. Ra7 Ne6 43. c5 Kf8 44. c6 Ke8 45. Bb6 Rc2 46. c7 Kd7 47. Rxa4 1-0


[Site "https://www.chess.com"]

[Event "Titled Tuesday Blitz February 15 Early 2022"]
[White "Nogerbek, Kazybek"]
[Black "Tregubov, Pavel V."]
[WhiteFideId "13710427"]
[BlackFideId "4115341"]
[WhiteElo "2478"]
[BlackElo "2341"]
[Result "1-0"]
[Round "02"]
[TimeControl "180+1"]
[Date "2022.02.15"]
[WhiteClock "0:01:31"]
[BlackClock "0:00:25"]

1. c4 c5 2. Nc3 Nf6 3. g3 d5 4. cxd5 Nxd5 5. Bg2 Nc7 6. e3 e5 7. Nge2 Be7 8. O-O O-O 9. f4 exf4 10. Nxf4 Nc6 11. b3 Bf6 12. Bb2 Bd7 13. Qc1 Rc8 14. Ne4 Bxb2 15. Qxb2 Ne6 16. Nxe6 Bxe6 17. Nxc5 Nb4 18. d4 Bd5 19. e4 b6 20. exd5 bxc5 21. dxc5 Rxc5 22. Rad1 Rc2 23. Qd4 Nxa2 24. Rd2 Rxd2 25. Qxd2 Qb6+ 26. Kh1 Nb4 27. d6 Rd8 28. d7 a5 29. Rc1 g6 30. Rc8 Kg7 31. h4 h5 32. Qc3+ Kh7 33. Rxd8 Qxd8 34. Qc8 1-0


[Site "https://www.chess.com"]

[Event "Titled Tuesday Blitz February 15 Early 2022"]
[White "Noroozi, Omid"]
[Black "Szpar, Milosz"]
[WhiteFideId "12501190"]
[BlackFideId "1184989"]
[WhiteElo "2236"]
[BlackElo "2447"]
[Result "0-1"]
[Round "02"]
[TimeControl "180+1"]
[Date "2022.02.15"]
[WhiteClock "0:02:04"]
[BlackClock "0:00:19"]

1. e4 c5 2. Nf3 d6 3. Bb5+ Bd7 4. Bxd7+ Nxd7 5. O-O Ngf6 6. Qe2 e6 7. d4 cxd4 8. Nxd4 Be7 9. c4 Qa5 10. Nc3 O-O 11. a3 Rac8 12. Be3 Ne5 13. b4 Qd8 14. Rad1 Nxc4 15. Bc1 a6 16. f4 Qb6 17. Kh1 Nxa3 18. Bxa3 Rxc3 19. Bb2 Rcc8 20. e5 dxe5 21. fxe5 Nd5 22. Nf5 exf5 23. Rxd5 Qe6 24. Rd4 Rfd8 25. Rdf4 g6 26. g4 fxg4 27. Rxf7 Rf8 28. Rxf8+ Rxf8 29. Rxf8+ Bxf8 30. Qe4 Qc6 31. Qxc6 bxc6 32. Kg2 Kf7 33. Kg3 h5 34. Kf4 Ke6 35. Ke4 Bxb4 36. Bd4 c5 37. Be3 a5 38. Bc1 a4 39. Bb2 a3 40. Ba1 c4 41. Kd4 c3 42. Kd3 Kxe5 43. Kc2 Bc5 44. Kb3 Bd4 45. Kc2 h4 46. Kd3 g3 47. hxg3 hxg3 48. Ke2 c2 49. Bxd4+ Kxd4 50. Kf3 c1=Q 51. Kxg3 Qe3+ 52. Kg4 g5 53. Kf5 Qf4+ 54. Kg6 g4 55. Kh7 Qg5 56. Kh8 g3 57. Kh7 g2 58. Kh8 g1=Q 59. Kh7 Qh1# 0-1


[Site "https://www.chess.com"]

[Event "Titled Tuesday Blitz February 15 Early 2022"]
[White "Nurmanova, Alua"]
[Black "Roebers, Jan"]
[WhiteFideId "13729390"]
[BlackFideId "1007815"]
[WhiteElo "1851"]
[BlackElo "2125"]
[Result "1-0"]
[Round "02"]
[TimeControl "180+1"]
[Date "2022.02.15"]
[WhiteClock "0:00:07"]
[BlackClock "0:00:03"]

1. e4 e5 2. Nf3 Nc6 3. Bb5 a6 4. Ba4 Nf6 5. O-O Be7 6. Re1 b5 7. Bb3 O-O 8. c3 d5 9. exd5 Nxd5 10. Nxe5 Nxe5 11. Rxe5 c6 12. d4 Bd6 13. Re1 Qh4 14. g3 Qh3 15. Qf3 Bg4 16. Qg2 Qh5 17. Bxd5 cxd5 18. Be3 Rae8 19. Nd2 Kh8 20. a4 b4 21. Rac1 bxc3 22. bxc3 Re6 23. c4 dxc4 24. Rxc4 Bf4 25. Rc5 Bxe3 26. Rxh5 Bxd2 27. Rxe6 fxe6 28. Re5 Bf3 29. Qf1 Rc8 30. Rc5 Rb8 31. h4 h6 32. Kh2 Bb4 33. Rc7 Ba5 34. Rf7 Bd5 35. Re7 Be4 36. Qe2 Bd5 37. Qe5 Rg8 38. h5 Bb4 39. Ra7 Bf8 40. Rxa6 Be7 41. Rxe6 Bxe6 42. Qxe6 Bf6 43. d5 Rd8 44. d6 Kh7 45. d7 Ra8 46. a5 Rxa5 47. Qxf6 gxf6 48. d8=Q Rxh5+ 49. Kg2 Kg7 50. Qe7+ Kg6 51. Qe8+ Kg5 52. f4+ Kg4 53. Qg6+ Rg5 54. fxg5 fxg5 55. Qe4+ Kh5 56. Qe8+ Kg4 57. Qg6 h5 58. Qe4# 1-0


[Site "https://www.chess.com"]

[Event "Titled Tuesday Blitz February 15 Early 2022"]
[White "Omariev, Maksim"]
[Black "Osmonbekov, Talaibek"]
[WhiteFideId "4193423"]
[BlackFideId "2017253"]
[WhiteElo "2519"]
[BlackElo "2135"]
[Result "0-1"]
[Round "02"]
[TimeControl "180+1"]
[Date "2022.02.15"]
[WhiteClock "0:00:01"]
[BlackClock "0:00:07"]

1. e4 c5 2. Nf3 d6 3. d4 cxd4 4. Nxd4 Nf6 5. Nc3 g6 6. Be3 Bg7 7. f3 O-O 8. Qd2 Nc6 9. g4 Nxd4 10. Bxd4 Be6 11. h4 Qa5 12. h5 h6 13. hxg6 fxg6 14. Rxh6 Kf7 15. Rh2 Rh8 16. Rxh8 Rxh8 17. g5 Nd7 18. Bxg7 Kxg7 19. Qd4+ Qe5 20. Qxa7 Qxg5 21. Qf2 Rh1 22. f4 Qg4 23. Ne2 Bc4 24. Qd4+ e5 25. Qxc4 Qh4+ 26. Kd2 Nc5 27. Rd1 Qf2 28. Kc1 Rxf1 29. Nc3 Qxf4+ 30. Kb1 Rxd1+ 31. Nxd1 Qd2 32. Qf1 Nxe4 33. a3 Ng3 34. Qg1 Nf5 35. Qh1 e4 36. Nc3 d5 37. Qg1 e3 38. Qf1 d4 39. Ne2 d3 40. cxd3 Qxd3+ 41. Ka1 Nd4 42. Qf4 Qd1+ 43. Ka2 Qb3+ 44. Kb1 Nxe2 45. Qe5+ Kf7 46. Qc7+ Kf6 0-1


[Site "https://www.chess.com"]

[Event "Titled Tuesday Blitz February 15 Early 2022"]
[White "Orozbaev, Eldiar"]
[Black "Moskvin, Anatoly"]
[WhiteFideId "13802240"]
[BlackFideId "24199990"]
[WhiteElo "2050"]
[BlackElo "2079"]
[Result "0-1"]
[Round "02"]
[TimeControl "180+1"]
[Date "2022.02.15"]
[WhiteClock "0:00:13"]
[BlackClock "0:00:04"]

1. e4 e5 2. Nf3 Nc6 3. d4 exd4 4. c3 d5 5. exd5 Qxd5 6. cxd4 Bg4 7. Be2 O-O-O 8. O-O Nf6 9. Nc3 Qa5 10. Be3 Nd5 11. Qb3 Nxe3 12. fxe3 Qh5 13. h3 Be6 14. Qa4 Qh6 15. Bb5 Qxe3+ 16. Kh1 Nb8 17. Qxa7 Bd6 18. a4 Qh6 19. a5 Bxh3 20. a6 Bg4+ 21. Kg1 Bxf3 22. Rxf3 Qh2+ 23. Kf2 bxa6 24. Bxa6+ Nxa6 25. Qxa6+ Kd7 26. Qb5+ c6 0-1


[Site "https://www.chess.com"]

[Event "Titled Tuesday Blitz February 15 Early 2022"]
[White "Osiecki, Stanislaw"]
[Black "Stankovic, Ivan G"]
[WhiteFideId "1102990"]
[BlackFideId "902837"]
[WhiteElo "2127"]
[BlackElo "2195"]
[Result "0-1"]
[Round "02"]
[TimeControl "180+1"]
[Date "2022.02.15"]
[WhiteClock "0:00:12"]
[BlackClock "0:00:10"]

1. e4 c5 2. c3 Nf6 3. e5 Nd5 4. d4 cxd4 5. Nf3 Nc6 6. cxd4 d6 7. Bc4 Nb6 8. Bb5 a6 9. Bxc6+ bxc6 10. O-O Bg4 11. exd6 Qxd6 12. h3 Bh5 13. Nbd2 e6 14. Ne4 Qd5 15. Re1 Be7 16. Bf4 O-O 17. Nc3 Qd8 18. g4 Bg6 19. Ne5 Rc8 20. Qf3 Nd5 21. Nxd5 cxd5 22. Nxg6 hxg6 23. Qd3 Qb6 24. b3 Bf6 25. Be3 Rc6 26. Rac1 Rfc8 27. Rxc6 Rxc6 28. g5 Be7 29. Rc1 Ba3 30. Rxc6 Qxc6 31. Kg2 Bd6 32. Qd2 e5 33. f3 e4 34. f4 Ba3 35. h4 Qe6 36. Kg3 Qe7 37. Qa5 Bb4 38. Qxd5 Be1+ 39. Kg2 a5 40. Qe5 Qa3 41. Qxe4 Qxa2+ 42. Kh3 Qxb3 43. Kg4 Qd1+ 44. Qf3 Qxf3+ 45. Kxf3 a4 46. Bc1 Bxh4 47. Ba3 f5 48. Ke3 Kf7 49. d5 Ke8 50. Kd4 Be1 51. Ke5 Kd7 52. Kd4 Bd2 53. Ke5 Bc3# 0-1


[Site "https://www.chess.com"]